 Dungeon Crawl Stone Soup version 0.16.1-18-g436b03c (webtiles) character file.

36 Ladykiller69 the Magician (level 3, 14/26 HPs)
             Began as a Demigod Wizard on May 13, 2015.
             Quit the game on level 2 of the Dungeon.
             The game lasted 00:09:04 (1141 turns).

Ladykiller69 the Magician (Demigod Wizard)          Turns: 1141, Time: 00:09:04

Health: 14/26      AC:  2    Str: 10    XL:     3   Next: 5%
Magic:  9/9        EV: 12    Int: 24    God:
Gold:   99         SH:  0    Dex: 14    Spells: 3 memorised, 2 levels left

rFire  . . .     SeeInvis .     g - +0 club
rCold  . . .     Clarity  .     a - +0 robe
rNeg   . . .     SustAb   +     (no shield)
rPois  .         Gourm    .     b - +0 hat
rElec  .         Spirit   .     (no cloak)
rCorr  .         Warding  .     (no gloves)
rMut   .         Rnd*Tele +     (no boots)
MR     .....                    (no amulet)
Stlth  ++........               (no ring)
                                (no ring)

@: not resistant to hostile enchantments, unstealthy
A: claws 1, hooves 1, horns 1, spit poison 1, teleportitis 1, placid magic 1,
sustain abilities
a: Spit Poison


You were on level 2 of the Dungeon.
You were not hungry.

You visited 1 branch of the dungeon, and saw 2 of its levels.

You collected 99 gold pieces.

Inventory:

Hand weapons
 g - a +0 club (weapon)
Armour
 a - a +0 robe (worn)
 b - a +0 hat (worn)
Jewellery
 i - a +1 ring of protection {unknown}
 n - an uncursed ring of poison resistance {unknown}
Scrolls
 h - 2 scrolls of identify {unknown}
 k - a scroll of amnesia {unknown}
 l - 5 scrolls of teleportation {unknown}
 p - a scroll of immolation {unknown}
Potions
 m - a potion of lignification
 o - a potion of curing {unknown}
Books
 c - a book of Minor Magic

   Spells                             Type                      Level
   a - Magic Dart                     Conjuration                  1
   b - Blink                          Translocation                2
   c - Call Imp                       Summoning                    2
   d - Repel Missiles                 Charms/Air                   2
   e - Slow                           Hexes                        2
   f - Conjure Flame                  Conjuration/Fire             3
   g - Mephitic Cloud                 Conjuration/Poison/Air       3
Comestibles
 d - 2 bread rations
 f - 2 meat rations
 j - 2 chunks of flesh


   Skills:
 - Level 2.0 Dodging
 - Level 2.0 Stealth
 - Level 3.0 Spellcasting
 + Level 2.1 Conjurations
   Level 0.8 Summonings
 - Level 0.8 Translocations


You had 2 spell levels left.
You knew the following spells:

 Your Spells              Type           Power        Failure   Level  Hunger
a - Magic Dart            Conj           #...         2%          1    None
b - Blink                 Tloc           N/A          5%          2    ##.....
c - Mephitic Cloud        Conj/Pois/Air  #.......     17%         3    ###....


Dungeon Overview and Level Annotations

Branches:
Dungeon (2/15)


Innate Abilities, Weirdness & Mutations

Your attributes are resistant to harm.
You have sharp fingernails.
You have large cloven feet.
You have a pair of small horns on your head.
You can spit poison.
Space occasionally distorts in your vicinity.
Your spells are a little easier to cast, but a little less powerful.


Message History

Some of the chunks of flesh in your inventory have rotted away.
You see here 2 stones.
Found a stone staircase leading down.
Okay, then.
Unknown command.
Memorise Mephitic Cloud, consuming 3 spell levels and leaving 2?
You start memorising the spell.
You continue memorising.
You continue memorising. x2
You finish memorising.
Spell assigned to 'c'.
Casting: Magic Dart
Confirm with . or Enter, or press ? or * to list all spells.
Okay, then.
Casting: Magic Dart
Confirm with . or Enter, or press ? or * to list all spells.
Okay, then.
You found a teleport trap!
Really walk into that teleport trap?
Okay, then.
Unknown command.
Are you sure you want to abandon this character and quit the game? (Confirm with "yes".)

#... ## ##..⌠.. ... #.#### #.?.
.###.....# #.# ......# #...
..#....#.# #.# #.##.#
#...#####.......#.# #.#####.....
#..)(..<..##.##.#.###...........
##...(####.##.##.#.##.....##.#...
...)...............##.^...##.#...
..............##..........##.#..#
.P....... ..#.##@####.....##.....
_......###.##.##.# #.....####..#
.P.......%.##....# ####### #.#.
.....#.######.#### #... .#...#.#
#.# #### ### #### .......# #÷#
#.. ..# # .....>.### #.# #.# #.#
####### .#.......# ##.###.####.#
#.....(
....##.#.###........##.####)#####


There were no monsters in sight!

Vanquished Creatures
  5 bats
  5 goblins
  3 hobgoblins
  2 jackals (D:2)
  9 kobolds
  2 quokkas
  6 giant newts (D:1)
  3 rats (D:1)
35 creatures vanquished.

Notes
Turn   | Place    | Note
--------------------------------------------------------------
     0 | D:1      | Ladykiller69, the Demigod Wizard, began the quest for the Orb.
     0 | D:1      | Reached XP level 1. HP: 14/14 MP: 4/4
    59 | D:1      | Reached skill level 1 in Conjurations
   347 | D:1      | Reached XP level 2. HP: 20/20 MP: 1/6
   558 | D:1      | Reached skill level 3 in Spellcasting
   626 | D:2      | Found a basalt altar of Yredelemnul.
   807 | D:2      | Learned a level 2 spell: Blink
   982 | D:2      | Gained mutation: You have a pair of small horns on your head. [potion of mutation]
   982 | D:2      | Gained mutation: Your spells are a little easier to cast, but a little less powerful. [potion of mutation]
   982 | D:2      | Gained mutation: Your spells are easier to cast, but less powerful. [potion of mutation]
   989 | D:2      | Reached XP level 3. HP: 6/26 MP: 0/9
  1032 | D:2      | Gained mutation: You have sharp fingernails. [potion of mutation]
  1032 | D:2      | Gained mutation: You have large cloven feet. [potion of mutation]
  1033 | D:2      | Gained mutation: Space occasionally distorts in your vicinity. [potion of mutation]
  1033 | D:2      | Gained mutation: You can spit poison. [potion of mutation]
  1033 | D:2      | Lost mutation: Your spells are easier to cast, but less powerful. [potion of mutation]
  1130 | D:2      | Learned a level 3 spell: Mephitic Cloud
  1141 | D:2      | Quit the game

Action                   || total
-------------------------++-------
Melee: Club              ||    40
       Unarmed           ||     1
 Cast: Magic Dart        ||    87
 Abil: Spit Poison       ||     2
  Use: Potion            ||     4
  Eat: Chunk             ||     1
